Columbus Blue Jackets vs Buffalo Sabres

Created - mardi, 19 décembre 2023 at 19:00

Goals
1 2 3 T
Columbus Blue Jackets 1 2 0 3
Buffalo Sabres 1 2 2 5
Shots
1 2 3 T
Columbus Blue Jackets 9 8 8 25
Buffalo Sabres 8 14 14 36

1st period

1. Buffalo Sabres , Jeff Skinner 10 (Alex Tuch 15, Tomas Hertl 22) at 13:39
2. Columbus Blue Jackets , Warren Foegele 7 (Tyler Seguin 10, Sergei Bobrovsky) at 16:35 (PP)

Penalties :
Mattias Samuelsson (BUF) for Hooking (Minor) at 16:01

2nd period

3. Columbus Blue Jackets , Ian Cole 5 (Derick Brassard 9, Yakov Trenin 7) at 1:01
4. Columbus Blue Jackets , Nick Foligno 6 (Tyler Seguin 11, Kyle Burroughs 15) at 5:09
5. Buffalo Sabres , Teddy Blueger 4 (Zemgus Girgensons 4, Alex Tuch 16) at 11:13
6. Buffalo Sabres , Jeff Skinner 11 (Alex Tuch 17, Tomas Hertl 23) at 14:01

Penalties :
Marcus Bjork (CBJ) for Roughing (Minor) at 8:59

3rd period

7. Buffalo Sabres , Tomas Hertl 13 (Alex Tuch 18, Mattias Samuelsson 6) at 15:14 (PP)
8. Buffalo Sabres , Dylan Cozens 11 (Nicklas Backstrom 11, Jeff Skinner 15) at 17:47 (PP)

Penalties :
Juuso Valimaki (CBJ) for Goalie Interference (Minor) at 2:32, Cal Clutterbuck (BUF) for Holding (Minor) at 5:31, Nick Foligno (CBJ) for Hooking (Minor) at 14:58, Carson Meyer (CBJ) for Holding (Minor) at 16:04

Goalie Stats

Sergei Bobrovsky (CBJ), 31 saves from 36 shots - (0.861), L, 7-11-0, 60:00 minutes
Linus Ullmark (BUF), 22 saves from 25 shots - (0.880), W, 18-5-2, 60:00 minutes

Players Stats for Columbus Blue Jackets

Player Name              G  A  P  +/- PIM S  H  SB GA TA FO     MP     PP MP  PK MP  
------------------------------------------------------------------------------------
Carson Meyer             0  0  0  -1  2   0  0  0  0  0  0/2    13:19   0:00   0:34 
Corey Perry              0  0  0   0  0   2  2  0  0  0  0/0    16:24   1:17   0:41 
Derick Brassard          0  1  1   1  0   0  0  1  0  0  12/19  13:35   0:54   0:00 
Ian Cole                 1  0  1   0  0   1  0  1  0  0  0/0    18:29   0:51   0:31 
Ivan Provorov            0  0  0  -1  0   0  1  0  0  0  0/0    21:16   0:54   4:02 
Jacob Peterson           0  0  0  -2  0   2  0  0  0  0  6/23   14:09   0:54   0:00 
Jakub Voracek            0  0  0  -1  0   0  0  0  0  0  1/2    13:22   1:17   0:00 
Jayson Megna             0  0  0  -2  0   1  0  0  0  0  0/1    16:04   0:00   3:22 
Josh Dunne               0  0  0  -2  0   0  0  1  0  0  7/12   12:15   0:00   0:16 
Juuso Valimaki           0  0  0   0  2   0  3  2  0  0  0/0    18:33   1:17   2:04 
Kyle Burroughs           0  1  1   1  0   1  2  3  0  0  0/0    18:13   0:36   1:43 
Lukas Rousek             0  0  0  -2  0   3  0  0  0  0  0/0    11:59   0:00   0:00 
Marcus Bjork             0  0  0   1  2   1  1  1  0  0  0/0    20:18   0:22   2:07 
Nick Blankenburg         0  0  0   0  0   1  0  1  0  0  0/0    19:46   0:12   1:02 
Nick Foligno             1  0  1   0  2   3  0  0  0  0  2/2    16:44   1:16   1:03 
Tyler Seguin             0  2  2   1  0   3  0  0  0  0  6/20   16:37   1:16   1:06 
Warren Foegele           1  0  1   1  0   7  0  1  0  0  0/4    17:04   0:22   3:23 
Yakov Trenin             0  1  1   1  0   0  2  0  0  0  3/7    15:52   1:17   1:54 

Players Stats for Buffalo Sabres

Player Name              G  A  P  +/- PIM S  H  SB GA TA FO     MP     PP MP  PK MP  
------------------------------------------------------------------------------------
Alex Tuch                0  4  4   2  0   4  1  0  0  0  0/0    17:43   3:18   0:21 
Cal Clutterbuck          0  0  0   1  2   5  2  0  0  0  1/1    12:22   0:00   0:00 
Casey Fitzgerald         0  0  0   0  0   0  2  1  0  0  0/0    19:50   1:05   1:10 
Colin Miller             0  0  0  -1  0   1  2  0  0  0  0/0    18:43   2:21   0:26 
Dylan Cozens             1  0  1   0  0   3  0  0  0  0  10/17  15:27   2:39   0:00 
Dylan Gambrell           0  0  0  -2  0   1  2  0  0  0  0/1    13:08   0:00   0:45 
Erik Johnson             0  0  0   2  0   0  1  2  0  0  0/0    18:44   0:34   1:10 
Henri Jokiharju          0  0  0   1  0   1  3  1  0  0  0/0    20:43   2:28   0:49 
Ilya Lyubushkin          0  0  0   0  0   0  2  1  0  0  0/0    21:16   2:08   1:04 
Jeff Skinner             2  1  3   2  0   5  0  0  0  0  1/1    17:16   2:39   0:21 
Kyle Okposo              0  0  0   1  0   1  2  0  0  0  0/0    13:49   0:46   0:00 
Marcus Johansson         0  0  0   0  0   2  0  0  0  0  0/0    15:20   2:32   0:00 
Mark Jankowski           0  0  0  -2  0   0  2  0  0  0  2/4    13:08   0:00   0:45 
Mattias Samuelsson       0  1  1  -2  2   1  1  2  0  0  0/0    19:45   3:18   0:27 
Nicklas Backstrom        0  1  1  -1  0   3  0  0  0  0  10/17  15:17   2:39   0:00 
Teddy Blueger            1  0  1   1  0   3  0  0  0  0  11/22  13:50   0:00   1:27 
Tomas Hertl              1  2  3   2  0   5  0  0  0  0  20/29  17:14   3:18   0:00 
Zemgus Girgensons        0  1  1   1  0   1  1  0  0  0  0/0    13:50   0:00   1:27 

3 Stars

1 - Jeff Skinner (BUF)
2 - Alex Tuch (BUF)
3 - Tomas Hertl (BUF)

Power Play

Columbus Blue Jackets - 1 on 2 Attempt(s) - 50.00%
Buffalo Sabres - 2 on 4 Attempt(s) - 50.00%

Penalty Kill

Columbus Blue Jackets - 2 on 4 Attempt(s) - 50.00% - Score 0 goal in Penalty Kill
Buffalo Sabres - 1 on 2 Attempt(s) - 50.00% - Score 0 goal in Penalty Kill

Team Stat

Columbus Blue Jackets - Hits : 11 - Faceoff Wins : 37 - Blocked Shots : 11 - Penalty Minutes : 8
Buffalo Sabres - Hits : 21 - Faceoff Wins : 55 - Blocked Shots : 7 - Penalty Minutes : 4

Official

Referees : Marc Joannette and Chris Rooney
Linesman : Jonny Murray and Kyle Flemington

Game Notes

No Game Note

Finance

Level 1 -- Attendance: 8602 (86.02%) -- Ticket Income $ 774 180
Level 2 -- Attendance: 1759 (87.95%) -- Ticket Income $ 131 925
Level 3 -- Attendance: 2676 (76.46%) -- Ticket Income $ 120 420
Level 4 -- Attendance: 1082 (74.62%) -- Ticket Income $ 32 460
Luxury Box -- Attendance: 41 (82.00%) -- Ticket Income $ 9 020
Game was played at the KeyBank Center.
Total Attendance: 14160 (83.29%)
Total Ticket Income: $ 1 068 005
Total Income: $ 1 068 005

Columbus Blue Jackets

5 vs 5 Forward 
   Center                   Left Wing                Right Wing               Time % Phy DF OF 
 1 Tyler Seguin             Nick Foligno             Corey Perry              27     0   1  4  
 2 Derick Brassard          Warren Foegele           Yakov Trenin             27     0   2  3  
 3 Jacob Peterson           Jayson Megna             Jakub Voracek            26     0   2  3  
 4 Josh Dunne               Lukas Rousek             Carson Meyer             20     1   2  2  

5 vs 5 Defense 
   Defense                  Defense                                           Time % Phy DF OF 
 1 Juuso Valimaki           Ivan Provorov                                     33     0   3  2  
 2 Ian Cole                 Nick Blankenburg                                  31     0   3  2  
 3 Kyle Burroughs           Marcus Bjork                                      26     1   3  1  
 4 Nick Blankenburg         Marcus Bjork                                      10     2   2  1  

PowerPlay Forward 
   Center                   Left Wing                Right Wing               Time % Phy DF OF 
 1 Tyler Seguin             Nick Foligno             Warren Foegele           50     0   2  3  
 2 Yakov Trenin             Corey Perry              Jakub Voracek            50     1   1  3  

PowerPlay Defense
   Defense                  Defense                                           Time % Phy DF OF 
 1 Nick Blankenburg         Juuso Valimaki                                    50     0   2  3  
 2 Marcus Bjork             Ian Cole                                          50     1   2  2  

Penalty Kill 4 Players Forward 
   Center                   Wing                     Time % Phy DF OF 
 1 Warren Foegele           Jayson Megna             50     0   3  2  
 2 Yakov Trenin             Carson Meyer             50     0   3  2  

Penalty Kill 4 Players Defense
   Defense                  Defense                  Time % Phy DF OF 
 1 Juuso Valimaki           Marcus Bjork             50     1   3  1  
 2 Kyle Burroughs           Nick Blankenburg         50     1   3  1  

Penalty Kill - 3 Players Forward 
   Forward                                           Time % Phy DF OF 
 1 Corey Perry                                       50     0   4  1  
 2 Carson Meyer                                      50     0   4  1  

Penalty Kill - 3 Players Defense
   Defense                  Defense                  Time % Phy DF OF 
 1 Marcus Bjork             Ivan Provorov            50     1   4  0  
 2 Kyle Burroughs           Ian Cole                 50     1   4  0  

4 vs 4 Forward 
   Center                   Wing                     Time % Phy DF OF 
 1 Jayson Megna             Carson Meyer             50     0   2  3  
 2 Warren Foegele           Yakov Trenin             50     0   2  3  

4 vs 4 Defense
   Defense                  Defense                  Time % Phy DF OF 
 1 Ivan Provorov            Kyle Burroughs           50     0   3  2  
 2 Marcus Bjork             Ian Cole                 50     0   3  2  

Last Minutes Offensive
   Center                   Left Wing                Right Wing               Defense                  Defense                  
   Josh Dunne               Nick Foligno             Corey Perry              Jakub Voracek            Kyle Burroughs           

Last Minutes Defensive
   Center                   Left Wing                Right Wing               Defense                  Defense                  
   Yakov Trenin             Nick Foligno             Carson Meyer             Juuso Valimaki           Marcus Bjork             

Goaltenders
Starting : Sergei Bobrovsky         
Backup : Elvis Merzlikins         

Extra Forwards
Normal : Carson Meyer, Tyler Seguin, Corey Perry - PP : Jakub Voracek, Nick Foligno - PK : Josh Dunne
Extra Defensemen
Normal : Kyle Burroughs, Ivan Provorov, Nick Blankenburg - PP : Ivan Provorov - PK : Marcus Bjork, Juuso Valimaki
Penalty Shots
Tyler Seguin, Jakub Voracek, Nick Foligno, Derick Brassard, Warren Foegele
Custom OT Lines Forwards
Tyler Seguin, Carson Meyer, Derick Brassard, Jakub Voracek, Nick Foligno, Jacob Peterson, Josh Dunne, Yakov Trenin, Corey Perry, Jayson Megna
Custom OT Lines Defensemen
Ivan Provorov, Kyle Burroughs, Juuso Valimaki, Ian Cole, Nick Blankenburg

Scratches
Patrik Laine (Healthy), Yegor Chinakhov (Left Hip Injury), Joona Luoto (Healthy), Billy Sweezey (Healthy)

Buffalo Sabres

5 vs 5 Forward 
   Center                   Left Wing                Right Wing               Time % Phy DF OF 
 1 Tomas Hertl              Jeff Skinner             Alex Tuch                28     0   1  4  
 2 Dylan Cozens             Marcus Johansson         Kyle Okposo              26     1   2  2  
 3 Nicklas Backstrom        Mark Jankowski           Dylan Gambrell           24     1   2  2  
 4 Teddy Blueger            Zemgus Girgensons        Cal Clutterbuck          22     1   2  2  

5 vs 5 Defense 
   Defense                  Defense                                           Time % Phy DF OF 
 1 Erik Johnson             Henri Jokiharju                                   34     1   3  1  
 2 Mattias Samuelsson       Colin Miller                                      33     1   3  1  
 3 Ilya Lyubushkin          Casey Fitzgerald                                  33     1   3  1  
 4 Ilya Lyubushkin          Casey Fitzgerald                                  0      1   3  1  

PowerPlay Forward 
   Center                   Left Wing                Right Wing               Time % Phy DF OF 
 1 Tomas Hertl              Marcus Johansson         Alex Tuch                50     1   1  3  
 2 Nicklas Backstrom        Jeff Skinner             Dylan Cozens             50     1   1  3  

PowerPlay Defense
   Defense                  Defense                                           Time % Phy DF OF 
 1 Ilya Lyubushkin          Henri Jokiharju                                   50     0   2  3  
 2 Colin Miller             Mattias Samuelsson                                50     0   2  3  

Penalty Kill 4 Players Forward 
   Center                   Wing                     Time % Phy DF OF 
 1 Mark Jankowski           Dylan Gambrell           50     0   5  0  
 2 Teddy Blueger            Zemgus Girgensons        50     0   5  0  

Penalty Kill 4 Players Defense
   Defense                  Defense                  Time % Phy DF OF 
 1 Mattias Samuelsson       Casey Fitzgerald         50     0   5  0  
 2 Erik Johnson             Henri Jokiharju          50     0   5  0  

Penalty Kill - 3 Players Forward 
   Forward                                           Time % Phy DF OF 
 1 Teddy Blueger                                     50     0   5  0  
 2 Mark Jankowski                                    50     0   5  0  

Penalty Kill - 3 Players Defense
   Defense                  Defense                  Time % Phy DF OF 
 1 Mattias Samuelsson       Casey Fitzgerald         50     0   5  0  
 2 Erik Johnson             Henri Jokiharju          50     0   5  0  

4 vs 4 Forward 
   Center                   Wing                     Time % Phy DF OF 
 1 Tomas Hertl              Mark Jankowski           50     1   2  2  
 2 Kyle Okposo              Marcus Johansson         50     1   2  2  

4 vs 4 Defense
   Defense                  Defense                  Time % Phy DF OF 
 1 Erik Johnson             Mattias Samuelsson       50     1   2  2  
 2 Ilya Lyubushkin          Casey Fitzgerald         50     1   2  2  

Last Minutes Offensive
   Center                   Left Wing                Right Wing               Defense                  Defense                  
   Tomas Hertl              Jeff Skinner             Alex Tuch                Mattias Samuelsson       Colin Miller             

Last Minutes Defensive
   Center                   Left Wing                Right Wing               Defense                  Defense                  
   Teddy Blueger            Mark Jankowski           Zemgus Girgensons        Mattias Samuelsson       Henri Jokiharju          

Goaltenders
Starting : Linus Ullmark            
Backup : Karel Vejmelka           

Extra Forwards
Normal : Marcus Johansson, Kyle Okposo, Tomas Hertl - PP : Kyle Okposo, Mark Jankowski - PK : Cal Clutterbuck
Extra Defensemen
Normal : Casey Fitzgerald, Mattias Samuelsson, Colin Miller - PP : Casey Fitzgerald - PK : Ilya Lyubushkin, Colin Miller
Penalty Shots
Alex Tuch, Jeff Skinner, Dylan Cozens, Tomas Hertl, Nicklas Backstrom
Custom OT Lines Forwards
Tomas Hertl, Alex Tuch, Dylan Cozens, Nicklas Backstrom, Kyle Okposo, Marcus Johansson, Dylan Gambrell, Cal Clutterbuck, Teddy Blueger, Zemgus Girgensons
Custom OT Lines Defensemen
Mattias Samuelsson, Colin Miller, Henri Jokiharju, Ilya Lyubushkin, Casey Fitzgerald

Scratches
Evander Kane (Healthy), Jake McCabe (Healthy), Nick Bonino (Torn Right Knee Ligaments Injury)

% Time on Ice - Columbus Blue Jackets

Lines # - Real PCT - Wanted PCT - Time Play
Normal Forward
1 - 28% - 27% - 14:11
2 - 25% - 27% - 12:41
3 - 25% - 26% - 12:39
4 - 23% - 20% - 11:59
Normal Defense
1 - 32% - 33% - 16:37
2 - 33% - 31% - 17:13
3 - 29% - 26% - 14:44
4 - 6% - 10% - 2:56
PP Forward
1 - 50% - 50% - 1:16
2 - 50% - 50% - 1:17
PP Defense
1 - 86% - 50% - 2:11
2 - 14% - 50% - 0:22
PK Forward
1 - 64% - 50% - 3:47
2 - 36% - 50% - 2:10
PK Defense
1 - 55% - 50% - 3:18
2 - 45% - 50% - 2:39
PK3 Forward
1 - 0% - 50%
2 - 0% - 50%
PK3 Defense
1 - 0% - 50%
2 - 0% - 50%
44 Forward
1 - 0% - 50%
2 - 0% - 50%
44 Defense
1 - 0% - 50%
2 - 0% - 50%
Last Minute Offensive  - 0:00
Last Minute Defensive  - 0:00
Total
Forward - 60:00
Defense - 60:00

% Time on Ice - Buffalo Sabres

Lines # - Real PCT - Wanted PCT - Time Play
Normal Forward
1 - 27% - 28% - 13:56
2 - 25% - 26% - 12:48
3 - 24% - 24% - 12:23
4 - 24% - 22% - 12:23
Normal Defense
1 - 34% - 34% - 17:37
2 - 32% - 33% - 16:21
3 - 33% - 33% - 17:06
4 - 1% - 0% - 0:26
PP Forward
1 - 55% - 50% - 3:18
2 - 45% - 50% - 2:39
PP Defense
1 - 51% - 50% - 3:02
2 - 49% - 50% - 2:55
PK Forward
1 - 41% - 50% - 1:03
2 - 59% - 50% - 1:30
PK Defense
1 - 54% - 50% - 1:23
2 - 46% - 50% - 1:10
PK3 Forward
1 - 0% - 50%
2 - 0% - 50%
PK3 Defense
1 - 0% - 50%
2 - 0% - 50%
44 Forward
1 - 0% - 50%
2 - 0% - 50%
44 Defense
1 - 0% - 50%
2 - 0% - 50%
Last Minute Offensive  - 0:00
Last Minute Defensive  - 0:00
Total
Forward - 60:00
Defense - 60:00

Play-by-Play

1st period


0:01 of 1st period - Tyler Seguin wins face-off versus Tomas Hertl in neutral zone.
1:10 of 1st period - Shot by Warren Foegele.
1:10 of 1st period - Stopped by Linus Ullmark without a rebound.
1:11 of 1st period - Jacob Peterson wins face-off versus Mark Jankowski in Buffalo Sabres zone.
2:07 of 1st period - Cal Clutterbuck is hit by Kyle Burroughs and loses puck.
2:25 of 1st period - Icing by Mattias Samuelsson.
2:26 of 1st period - Derick Brassard wins face-off versus Teddy Blueger in Buffalo Sabres zone.
3:15 of 1st period - Shot by Lukas Rousek.
3:15 of 1st period - Stopped by Linus Ullmark without a rebound.
3:16 of 1st period - Tomas Hertl wins face-off versus Tyler Seguin in Buffalo Sabres zone.
3:16 of 1st period - Alex Tuch is hit by Corey Perry and loses puck.
3:39 of 1st period - Jeff Skinner is hit by Juuso Valimaki and loses puck.
3:44 of 1st period - Shot by Jeff Skinner.
3:44 of 1st period - Stopped by Sergei Bobrovsky with a rebound.
4:11 of 1st period - Carson Meyer is hit by Erik Johnson and loses puck.
4:21 of 1st period - Shot by Nick Blankenburg.
4:21 of 1st period - Shot Blocked by Erik Johnson.
4:23 of 1st period - Shot by Ian Cole.
4:23 of 1st period - Shot Misses the Net.
4:52 of 1st period - Shot by Derick Brassard.
4:52 of 1st period - Shot Blocked by Mattias Samuelsson.
4:54 of 1st period - Shot by Kyle Burroughs.
4:54 of 1st period - Stopped by Linus Ullmark without a rebound.
4:55 of 1st period - Jacob Peterson wins face-off versus Teddy Blueger in Buffalo Sabres zone.
5:10 of 1st period - Shot by Teddy Blueger.
5:10 of 1st period - Shot Misses the Net.
5:12 of 1st period - Shot by Teddy Blueger.
5:12 of 1st period - Shot Misses the Net.
5:14 of 1st period - Shot by Zemgus Girgensons.
5:14 of 1st period - Shot Misses the Net.
5:28 of 1st period - Icing by Juuso Valimaki.
5:29 of 1st period - Dylan Cozens wins face-off versus Jacob Peterson in Columbus Blue Jackets zone.
5:34 of 1st period - Shot by Dylan Cozens.
5:34 of 1st period - Shot Misses the Net.
5:37 of 1st period - Icing by Ivan Provorov.
5:38 of 1st period - Tomas Hertl wins face-off versus Jacob Peterson in Columbus Blue Jackets zone.
5:54 of 1st period - Off-side.
5:55 of 1st period - Josh Dunne wins face-off versus Dylan Cozens in neutral zone.
7:14 of 1st period - Shot by Cal Clutterbuck.
7:14 of 1st period - Stopped by Sergei Bobrovsky without a rebound.
7:15 of 1st period - Yakov Trenin wins face-off versus Nicklas Backstrom in Columbus Blue Jackets zone.
7:22 of 1st period - Shot by Derick Brassard.
7:22 of 1st period - Deflect By Yakov Trenin.
7:22 of 1st period - Shot Blocked by Ilya Lyubushkin.
7:31 of 1st period - Derick Brassard is hit by Ilya Lyubushkin.
7:52 of 1st period - Nicklas Backstrom is hit by Corey Perry and loses puck.
9:06 of 1st period - Off-side.
9:07 of 1st period - Teddy Blueger wins face-off versus Derick Brassard in neutral zone.
9:30 of 1st period - Shot by Teddy Blueger.
9:30 of 1st period - Stopped by Sergei Bobrovsky without a rebound.
9:31 of 1st period - Tomas Hertl wins face-off versus Jacob Peterson in Columbus Blue Jackets zone.
9:34 of 1st period - Shot by Tomas Hertl.
9:34 of 1st period - Stopped by Sergei Bobrovsky without a rebound.
9:35 of 1st period - Tomas Hertl wins face-off versus Jacob Peterson in Columbus Blue Jackets zone.
10:34 of 1st period - Shot by Zemgus Girgensons.
10:34 of 1st period - Shot Misses the Net.
10:37 of 1st period - Icing by Nick Blankenburg.
10:38 of 1st period - Dylan Cozens wins face-off versus Jacob Peterson in Columbus Blue Jackets zone.
10:57 of 1st period - Icing by Kyle Okposo.
10:58 of 1st period - Dylan Cozens wins face-off versus Derick Brassard in Buffalo Sabres zone.
10:58 of 1st period - Dylan Cozens is hit by Yakov Trenin.
11:14 of 1st period - Shot by Yakov Trenin.
11:14 of 1st period - Deflect By Warren Foegele.
11:14 of 1st period - Shot Misses the Net.
12:19 of 1st period - Juuso Valimaki is hit by Colin Miller and loses puck.
12:41 of 1st period - Icing by Kyle Burroughs.
12:42 of 1st period - Nicklas Backstrom wins face-off versus Derick Brassard in Columbus Blue Jackets zone.
13:39 of 1st period - Shot by Jeff Skinner.
13:39 of 1st period - Goal by Jeff Skinner - Columbus Blue Jackets : 0 - Buffalo Sabres : 1.
13:40 of 1st period - Teddy Blueger wins face-off versus Tyler Seguin in neutral zone.
14:05 of 1st period - Off-side.
14:06 of 1st period - Dylan Cozens wins face-off versus Josh Dunne in neutral zone.
14:09 of 1st period - Shot by Marcus Johansson.
14:09 of 1st period - Shot Misses the Net.
14:14 of 1st period - Marcus Johansson is hit by Juuso Valimaki and loses puck.
14:27 of 1st period - Shot by Kyle Okposo.
14:27 of 1st period - Shot Blocked by Juuso Valimaki.
14:29 of 1st period - Shot by Marcus Johansson.
14:29 of 1st period - Stopped by Sergei Bobrovsky without a rebound.
14:30 of 1st period - Tomas Hertl wins face-off versus Jacob Peterson in Columbus Blue Jackets zone.
14:34 of 1st period - Icing by Juuso Valimaki.
14:35 of 1st period - Tomas Hertl wins face-off versus Jacob Peterson in Columbus Blue Jackets zone.
15:30 of 1st period - Icing by Casey Fitzgerald.
15:31 of 1st period - Nicklas Backstrom wins face-off versus Tyler Seguin in Buffalo Sabres zone.
15:42 of 1st period - Shot by Nicklas Backstrom.
15:42 of 1st period - Stopped by Sergei Bobrovsky without a rebound.
15:43 of 1st period - Dylan Cozens wins face-off versus Josh Dunne in Columbus Blue Jackets zone.
15:49 of 1st period - Nick Blankenburg is hit by Kyle Okposo and loses puck.
16:01 of 1st period - Minor Penalty to Mattias Samuelsson for Hooking.
16:02 of 1st period - Tyler Seguin wins face-off versus Teddy Blueger in Buffalo Sabres zone.
16:11 of 1st period - Shot by Warren Foegele.
16:11 of 1st period - Stopped by Linus Ullmark without a rebound.
16:12 of 1st period - Jakub Voracek wins face-off versus Mark Jankowski in Buffalo Sabres zone.
16:12 of 1st period - Corey Perry is hit by Casey Fitzgerald and loses puck.
16:23 of 1st period - Shot by Nick Blankenburg.
16:23 of 1st period - Stopped by Linus Ullmark without a rebound.
16:24 of 1st period - Mark Jankowski wins face-off versus Tyler Seguin in Buffalo Sabres zone.
16:33 of 1st period - Shot by Tyler Seguin.
16:33 of 1st period - Shot Misses the Net.
16:35 of 1st period - Shot by Warren Foegele.
16:35 of 1st period - Goal by Warren Foegele - Columbus Blue Jackets : 1 - Buffalo Sabres : 1.
16:36 of 1st period - Dylan Cozens wins face-off versus Jacob Peterson in neutral zone.
16:43 of 1st period - Shot by Colin Miller.
16:43 of 1st period - Stopped by Sergei Bobrovsky without a rebound.
16:44 of 1st period - Teddy Blueger wins face-off versus Yakov Trenin in Columbus Blue Jackets zone.
16:51 of 1st period - Shot by Warren Foegele.
16:51 of 1st period - Stopped by Linus Ullmark without a rebound.
16:52 of 1st period - Tomas Hertl wins face-off versus Tyler Seguin in Buffalo Sabres zone.
17:12 of 1st period - Icing by Ilya Lyubushkin.
17:13 of 1st period - Derick Brassard wins face-off versus Tomas Hertl in Buffalo Sabres zone.
17:24 of 1st period - Shot by Tomas Hertl.
17:24 of 1st period - Shot Misses the Net.
17:47 of 1st period - Icing by Marcus Bjork.
17:48 of 1st period - Derick Brassard wins face-off versus Nicklas Backstrom in Columbus Blue Jackets zone.
17:48 of 1st period - Derick Brassard is hit by Mark Jankowski.
18:08 of 1st period - Shot by Tyler Seguin.
18:08 of 1st period - Stopped by Linus Ullmark without a rebound.
18:09 of 1st period - Jacob Peterson wins face-off versus Teddy Blueger in Buffalo Sabres zone.
18:40 of 1st period - Shot by Jacob Peterson.
18:40 of 1st period - Shot Misses the Net.
19:01 of 1st period - Tyler Seguin is hit by Colin Miller and loses puck.
19:32 of 1st period - Shot by Lukas Rousek.
19:32 of 1st period - Stopped by Linus Ullmark without a rebound.
19:33 of 1st period - Nicklas Backstrom wins face-off versus Derick Brassard in Buffalo Sabres zone.
19:33 of 1st period - Nicklas Backstrom is hit by Yakov Trenin.
19:51 of 1st period - Kyle Burroughs is hit by Dylan Gambrell and loses puck.
Goals for this period are 1 for Columbus Blue Jackets vs 1 for Buffalo Sabres.
Shots for this period are 9 for Columbus Blue Jackets vs 8 for Buffalo Sabres.

2nd period


0:01 of 2nd period - Tomas Hertl wins face-off versus Carson Meyer in neutral zone.
0:24 of 2nd period - Shot by Alex Tuch.
0:24 of 2nd period - Shot Misses the Net.
0:26 of 2nd period - Shot by Alex Tuch.
0:26 of 2nd period - Shot Blocked by Josh Dunne.
0:28 of 2nd period - Shot by Henri Jokiharju.
0:28 of 2nd period - Stopped by Sergei Bobrovsky without a rebound.
0:29 of 2nd period - Dylan Cozens wins face-off versus Tyler Seguin in Columbus Blue Jackets zone.
0:48 of 2nd period - Shot by Nick Foligno.
0:48 of 2nd period - Stopped by Linus Ullmark without a rebound.
0:49 of 2nd period - Nicklas Backstrom wins face-off versus Warren Foegele in Buffalo Sabres zone.
0:59 of 2nd period - Shot by Derick Brassard.
0:59 of 2nd period - Shot Misses the Net.
1:01 of 2nd period - Shot by Ian Cole.
1:01 of 2nd period - Goal by Ian Cole - Columbus Blue Jackets : 2 - Buffalo Sabres : 1.
1:02 of 2nd period - Teddy Blueger wins face-off versus Jacob Peterson in neutral zone.
1:20 of 2nd period - Shot by Teddy Blueger.
1:20 of 2nd period - Shot Misses the Net.
1:38 of 2nd period - Icing by Marcus Bjork.
1:39 of 2nd period - Nicklas Backstrom wins face-off versus Jayson Megna in Columbus Blue Jackets zone.
2:04 of 2nd period - Shot by Mark Jankowski.
2:04 of 2nd period - Shot Blocked by Kyle Burroughs.
2:06 of 2nd period - Shot by Ilya Lyubushkin.
2:06 of 2nd period - Shot Misses the Net.
2:30 of 2nd period - Ian Cole is hit by Kyle Okposo.
2:38 of 2nd period - Shot by Warren Foegele.
2:38 of 2nd period - Shot Blocked by Mattias Samuelsson.
3:09 of 2nd period - Icing by Ivan Provorov.
3:10 of 2nd period - Nick Foligno wins face-off versus Tomas Hertl in Columbus Blue Jackets zone.
3:10 of 2nd period - Nick Foligno is hit by Alex Tuch.
3:56 of 2nd period - Shot by Carson Meyer.
3:56 of 2nd period - Shot Misses the Net.
4:33 of 2nd period - Shot by Yakov Trenin.
4:33 of 2nd period - Shot Misses the Net.
5:07 of 2nd period - Shot by Tyler Seguin.
5:07 of 2nd period - Shot Misses the Net.
5:09 of 2nd period - Shot by Nick Foligno.
5:09 of 2nd period - Goal by Nick Foligno - Columbus Blue Jackets : 3 - Buffalo Sabres : 1.
5:10 of 2nd period - Jacob Peterson wins face-off versus Dylan Cozens in neutral zone.
5:46 of 2nd period - Icing by Ilya Lyubushkin.
5:47 of 2nd period - Josh Dunne wins face-off versus Dylan Cozens in Buffalo Sabres zone.
6:01 of 2nd period - Icing by Ivan Provorov.
6:02 of 2nd period - Josh Dunne wins face-off versus Tomas Hertl in Columbus Blue Jackets zone.
6:10 of 2nd period - Carson Meyer is hit by Henri Jokiharju.
6:16 of 2nd period - Shot by Lukas Rousek.
6:16 of 2nd period - Stopped by Linus Ullmark without a rebound.
6:17 of 2nd period - Nicklas Backstrom wins face-off versus Tyler Seguin in Buffalo Sabres zone.
7:11 of 2nd period - Shot by Alex Tuch.
7:11 of 2nd period - Shot Blocked by Kyle Burroughs.
7:30 of 2nd period - Shot by Jeff Skinner.
7:30 of 2nd period - Shot Misses the Net.
8:01 of 2nd period - Teddy Blueger is hit by Marcus Bjork and loses puck.
8:31 of 2nd period - Shot by Dylan Cozens.
8:31 of 2nd period - Shot Blocked by Marcus Bjork.
8:33 of 2nd period - Shot by Mattias Samuelsson.
8:33 of 2nd period - Stopped by Sergei Bobrovsky with a rebound.
8:35 of 2nd period - Shot by Dylan Cozens.
8:35 of 2nd period - Shot Misses the Net.
8:59 of 2nd period - Minor Penalty to Marcus Bjork for Roughing.
9:00 of 2nd period - Nicklas Backstrom wins face-off versus Tyler Seguin in Columbus Blue Jackets zone.
10:39 of 2nd period - Shot by Alex Tuch.
10:39 of 2nd period - Stopped by Sergei Bobrovsky without a rebound.
10:40 of 2nd period - Tomas Hertl wins face-off versus Tyler Seguin in Columbus Blue Jackets zone.
11:13 of 2nd period - Shot by Teddy Blueger.
11:13 of 2nd period - Goal by Teddy Blueger - Columbus Blue Jackets : 3 - Buffalo Sabres : 2.
11:14 of 2nd period - Teddy Blueger wins face-off versus Josh Dunne in neutral zone.
11:25 of 2nd period - Shot by Ian Cole.
11:25 of 2nd period - Deflect By Lukas Rousek.
11:25 of 2nd period - Shot Blocked by Erik Johnson.
12:07 of 2nd period - Shot by Nicklas Backstrom.
12:07 of 2nd period - Stopped by Sergei Bobrovsky with a rebound.
12:51 of 2nd period - Shot by Kyle Okposo.
12:51 of 2nd period - Stopped by Sergei Bobrovsky without a rebound.
12:52 of 2nd period - Derick Brassard wins face-off versus Tomas Hertl in Columbus Blue Jackets zone.
13:22 of 2nd period - Icing by Kyle Burroughs.
13:23 of 2nd period - Derick Brassard wins face-off versus Dylan Cozens in Columbus Blue Jackets zone.
13:34 of 2nd period - Shot by Dylan Cozens.
13:34 of 2nd period - Deflect By Marcus Johansson.
13:34 of 2nd period - Shot Misses the Net.
13:36 of 2nd period - Shot by Mattias Samuelsson.
13:36 of 2nd period - Shot Blocked by Kyle Burroughs.
13:41 of 2nd period - Icing by Yakov Trenin.
13:42 of 2nd period - Derick Brassard wins face-off versus Teddy Blueger in Columbus Blue Jackets zone.
13:57 of 2nd period - Shot by Teddy Blueger.
13:57 of 2nd period - Deflect By Zemgus Girgensons.
13:57 of 2nd period - Stopped by Sergei Bobrovsky without a rebound.
13:58 of 2nd period - Tomas Hertl wins face-off versus Carson Meyer in Columbus Blue Jackets zone.
14:01 of 2nd period - Shot by Jeff Skinner.
14:01 of 2nd period - Goal by Jeff Skinner - Columbus Blue Jackets : 3 - Buffalo Sabres : 3.
14:02 of 2nd period - Jacob Peterson wins face-off versus Tomas Hertl in neutral zone.
14:15 of 2nd period - Shot by Tomas Hertl.
14:15 of 2nd period - Stopped by Sergei Bobrovsky without a rebound.
14:16 of 2nd period - Tyler Seguin wins face-off versus Nicklas Backstrom in Columbus Blue Jackets zone.
14:39 of 2nd period - Shot by Dylan Gambrell.
14:39 of 2nd period - Stopped by Sergei Bobrovsky without a rebound.
14:40 of 2nd period - Tomas Hertl wins face-off versus Jacob Peterson in Columbus Blue Jackets zone.
14:43 of 2nd period - Shot by Alex Tuch.
14:43 of 2nd period - Shot Misses the Net.
14:45 of 2nd period - Shot by Alex Tuch.
14:45 of 2nd period - Stopped by Sergei Bobrovsky without a rebound.
14:46 of 2nd period - Tomas Hertl wins face-off versus Jacob Peterson in Columbus Blue Jackets zone.
15:13 of 2nd period - Shot by Jeff Skinner.
15:13 of 2nd period - Stopped by Sergei Bobrovsky without a rebound.
15:14 of 2nd period - Dylan Cozens wins face-off versus Tyler Seguin in Columbus Blue Jackets zone.
15:15 of 2nd period - Shot by Marcus Johansson.
15:15 of 2nd period - Shot Misses the Net.
15:38 of 2nd period - Shot by Dylan Cozens.
15:38 of 2nd period - Stopped by Sergei Bobrovsky without a rebound.
15:39 of 2nd period - Derick Brassard wins face-off versus Nicklas Backstrom in Columbus Blue Jackets zone.
15:54 of 2nd period - Icing by Ian Cole.
15:55 of 2nd period - Tomas Hertl wins face-off versus Derick Brassard in Columbus Blue Jackets zone.
16:02 of 2nd period - Shot by Jeff Skinner.
16:02 of 2nd period - Stopped by Sergei Bobrovsky without a rebound.
16:03 of 2nd period - Tyler Seguin wins face-off versus Dylan Cozens in Columbus Blue Jackets zone.
16:23 of 2nd period - Shot by Marcus Johansson.
16:23 of 2nd period - Shot Hit the Post.
16:58 of 2nd period - Icing by Mark Jankowski.
16:59 of 2nd period - Derick Brassard wins face-off versus Nicklas Backstrom in Buffalo Sabres zone.
16:59 of 2nd period - Juuso Valimaki is hit by Mattias Samuelsson and loses puck.
17:08 of 2nd period - Shot by Warren Foegele.
17:08 of 2nd period - Stopped by Linus Ullmark without a rebound.
17:09 of 2nd period - Jacob Peterson wins face-off versus Tomas Hertl in Buffalo Sabres zone.
17:28 of 2nd period - Shot by Jacob Peterson.
17:28 of 2nd period - Stopped by Linus Ullmark without a rebound.
17:29 of 2nd period - Derick Brassard wins face-off versus Teddy Blueger in Buffalo Sabres zone.
17:29 of 2nd period - Juuso Valimaki is hit by Ilya Lyubushkin and loses puck.
18:08 of 2nd period - Icing by Teddy Blueger.
18:09 of 2nd period - Teddy Blueger wins face-off versus Jacob Peterson in Buffalo Sabres zone.
18:34 of 2nd period - Shot by Jeff Skinner.
18:34 of 2nd period - Shot Misses the Net.
19:03 of 2nd period - Shot by Marcus Bjork.
19:03 of 2nd period - Stopped by Linus Ullmark with a rebound.
19:05 of 2nd period - Shot by Tyler Seguin.
19:05 of 2nd period - Shot Blocked by Henri Jokiharju.
19:07 of 2nd period - Shot by Corey Perry.
19:07 of 2nd period - Deflect By Tyler Seguin.
19:07 of 2nd period - Stopped by Linus Ullmark without a rebound.
19:08 of 2nd period - Josh Dunne wins face-off versus Dylan Cozens in Buffalo Sabres zone.
19:34 of 2nd period - Kyle Okposo is hit by Juuso Valimaki and loses puck.
19:38 of 2nd period - Icing by Ivan Provorov.
19:39 of 2nd period - Josh Dunne wins face-off versus Nicklas Backstrom in Columbus Blue Jackets zone.
19:39 of 2nd period - Josh Dunne is hit by Mark Jankowski.
Goals for this period are 2 for Columbus Blue Jackets vs 2 for Buffalo Sabres.
Shots for this period are 8 for Columbus Blue Jackets vs 14 for Buffalo Sabres.

3rd period


0:01 of 3rd period - Tomas Hertl wins face-off versus Derick Brassard in neutral zone.
0:06 of 3rd period - Icing by Marcus Bjork.
0:07 of 3rd period - Derick Brassard wins face-off versus Teddy Blueger in Columbus Blue Jackets zone.
0:07 of 3rd period - Derick Brassard is hit by Cal Clutterbuck.
0:12 of 3rd period - Warren Foegele is hit by Cal Clutterbuck and loses puck.
0:27 of 3rd period - Shot by Cal Clutterbuck.
0:27 of 3rd period - Stopped by Sergei Bobrovsky without a rebound.
0:28 of 3rd period - Dylan Cozens wins face-off versus Jakub Voracek in Columbus Blue Jackets zone.
0:52 of 3rd period - Juuso Valimaki is hit by Casey Fitzgerald and loses puck.
1:28 of 3rd period - Icing by Nick Blankenburg.
1:29 of 3rd period - Nicklas Backstrom wins face-off versus Tyler Seguin in Columbus Blue Jackets zone.
1:36 of 3rd period - Shot by Nicklas Backstrom.
1:36 of 3rd period - Stopped by Sergei Bobrovsky with a rebound.
1:46 of 3rd period - Shot by Nicklas Backstrom.
1:46 of 3rd period - Shot Blocked by Nick Blankenburg.
2:08 of 3rd period - Nick Foligno is hit by Henri Jokiharju and loses puck.
2:21 of 3rd period - Shot by Tomas Hertl.
2:21 of 3rd period - Stopped by Sergei Bobrovsky with a rebound.
2:25 of 3rd period - Shot by Jeff Skinner.
2:25 of 3rd period - Deflect By Tomas Hertl.
2:25 of 3rd period - Stopped by Sergei Bobrovsky with a rebound.
2:27 of 3rd period - Shot by Alex Tuch.
2:27 of 3rd period - Stopped by Sergei Bobrovsky without a rebound.
2:28 of 3rd period - Teddy Blueger wins face-off versus Jacob Peterson in Columbus Blue Jackets zone.
2:32 of 3rd period - Minor Penalty to Juuso Valimaki for Goalie Interference.
2:33 of 3rd period - Tomas Hertl wins face-off versus Yakov Trenin in Columbus Blue Jackets zone.
2:38 of 3rd period - Shot by Alex Tuch.
2:38 of 3rd period - Shot Misses the Net.
2:40 of 3rd period - Shot by Mattias Samuelsson.
2:40 of 3rd period - Shot Misses the Net.
2:42 of 3rd period - Shot by Colin Miller.
2:42 of 3rd period - Shot Misses the Net.
2:44 of 3rd period - Shot by Tomas Hertl.
2:44 of 3rd period - Shot Misses the Net.
2:46 of 3rd period - Shot by Alex Tuch.
2:46 of 3rd period - Shot Misses the Net.
2:57 of 3rd period - Icing by Colin Miller.
2:58 of 3rd period - Tomas Hertl wins face-off versus Warren Foegele in Buffalo Sabres zone.
3:55 of 3rd period - Shot by Alex Tuch.
3:55 of 3rd period - Shot Misses the Net.
3:57 of 3rd period - Shot by Mattias Samuelsson.
3:57 of 3rd period - Shot Blocked by Warren Foegele.
4:01 of 3rd period - Shot by Tomas Hertl.
4:01 of 3rd period - Shot Misses the Net.
4:03 of 3rd period - Shot by Mattias Samuelsson.
4:03 of 3rd period - Shot Hit the Post.
4:07 of 3rd period - Shot by Alex Tuch.
4:07 of 3rd period - Shot Misses the Net.
4:33 of 3rd period - Shot by Dylan Cozens.
4:33 of 3rd period - Stopped by Sergei Bobrovsky without a rebound.
4:34 of 3rd period - Tyler Seguin wins face-off versus Teddy Blueger in Columbus Blue Jackets zone.
4:34 of 3rd period - Tyler Seguin is hit by Zemgus Girgensons.
4:39 of 3rd period - Corey Perry is hit by Henri Jokiharju and loses puck.
4:50 of 3rd period - Shot by Cal Clutterbuck.
4:50 of 3rd period - Stopped by Sergei Bobrovsky without a rebound.
4:51 of 3rd period - Josh Dunne wins face-off versus Nicklas Backstrom in Columbus Blue Jackets zone.
4:51 of 3rd period - Josh Dunne is hit by Dylan Gambrell.
5:31 of 3rd period - Minor Penalty to Cal Clutterbuck for Holding.
5:32 of 3rd period - Yakov Trenin wins face-off versus Teddy Blueger in Buffalo Sabres zone.
5:53 of 3rd period - Shot by Zemgus Girgensons.
5:53 of 3rd period - Shot Misses the Net.
6:24 of 3rd period - Icing by Ivan Provorov.
6:25 of 3rd period - Teddy Blueger wins face-off versus Tyler Seguin in Columbus Blue Jackets zone.
8:57 of 3rd period - Icing by Erik Johnson.
8:58 of 3rd period - Derick Brassard wins face-off versus Tomas Hertl in Buffalo Sabres zone.
9:59 of 3rd period - Shot by Corey Perry.
9:59 of 3rd period - Shot Misses the Net.
10:01 of 3rd period - Shot by Jayson Megna.
10:01 of 3rd period - Stopped by Linus Ullmark without a rebound.
10:02 of 3rd period - Josh Dunne wins face-off versus Teddy Blueger in Buffalo Sabres zone.
10:21 of 3rd period - Shot by Cal Clutterbuck.
10:21 of 3rd period - Stopped by Sergei Bobrovsky without a rebound.
10:22 of 3rd period - Dylan Cozens wins face-off versus Jacob Peterson in Columbus Blue Jackets zone.
10:45 of 3rd period - Shot by Marcus Johansson.
10:45 of 3rd period - Shot Misses the Net.
10:47 of 3rd period - Shot by Dylan Cozens.
10:47 of 3rd period - Shot Misses the Net.
10:49 of 3rd period - Shot by Erik Johnson.
10:49 of 3rd period - Shot Blocked by Juuso Valimaki.
11:34 of 3rd period - Off-side.
11:35 of 3rd period - Tomas Hertl wins face-off versus Josh Dunne in neutral zone.
12:18 of 3rd period - Shot by Teddy Blueger.
12:18 of 3rd period - Stopped by Sergei Bobrovsky without a rebound.
12:19 of 3rd period - Teddy Blueger wins face-off versus Warren Foegele in Columbus Blue Jackets zone.
12:32 of 3rd period - Shot by Warren Foegele.
12:32 of 3rd period - Stopped by Linus Ullmark without a rebound.
12:33 of 3rd period - Tyler Seguin wins face-off versus Dylan Cozens in Buffalo Sabres zone.
12:40 of 3rd period - Shot by Corey Perry.
12:40 of 3rd period - Stopped by Linus Ullmark with a rebound.
12:58 of 3rd period - Shot by Corey Perry.
12:58 of 3rd period - Deflect By Nick Foligno.
12:58 of 3rd period - Stopped by Linus Ullmark without a rebound.
12:59 of 3rd period - Derick Brassard wins face-off versus Teddy Blueger in Buffalo Sabres zone.
13:18 of 3rd period - Shot by Warren Foegele.
13:18 of 3rd period - Stopped by Linus Ullmark without a rebound.
13:19 of 3rd period - Tomas Hertl wins face-off versus Jacob Peterson in Buffalo Sabres zone.
13:28 of 3rd period - Shot by Jacob Peterson.
13:28 of 3rd period - Stopped by Linus Ullmark without a rebound.
13:29 of 3rd period - Nicklas Backstrom wins face-off versus Tyler Seguin in Buffalo Sabres zone.
13:40 of 3rd period - Shot by Tyler Seguin.
13:40 of 3rd period - Stopped by Linus Ullmark without a rebound.
13:41 of 3rd period - Tomas Hertl wins face-off versus Yakov Trenin in Buffalo Sabres zone.
13:57 of 3rd period - Shot by Jeff Skinner.
13:57 of 3rd period - Shot Misses the Net.
14:24 of 3rd period - Icing by Kyle Burroughs.
14:25 of 3rd period - Teddy Blueger wins face-off versus Jacob Peterson in Columbus Blue Jackets zone.
14:30 of 3rd period - Shot by Cal Clutterbuck.
14:30 of 3rd period - Stopped by Sergei Bobrovsky without a rebound.
14:31 of 3rd period - Mark Jankowski wins face-off versus Tyler Seguin in Columbus Blue Jackets zone.
14:35 of 3rd period - Nicklas Backstrom is hit by Ivan Provorov.
14:58 of 3rd period - Minor Penalty to Nick Foligno for Hooking.
14:59 of 3rd period - Yakov Trenin wins face-off versus Tomas Hertl in Columbus Blue Jackets zone.
15:14 of 3rd period - Shot by Tomas Hertl.
15:14 of 3rd period - Goal by Tomas Hertl - Columbus Blue Jackets : 3 - Buffalo Sabres : 4.
15:15 of 3rd period - Cal Clutterbuck wins face-off versus Josh Dunne in neutral zone.
15:25 of 3rd period - Zemgus Girgensons is hit by Kyle Burroughs and loses puck.
16:04 of 3rd period - Minor Penalty to Carson Meyer for Holding.
16:05 of 3rd period - Nicklas Backstrom wins face-off versus Warren Foegele in Columbus Blue Jackets zone.
16:53 of 3rd period - Shot by Alex Tuch.
16:53 of 3rd period - Deflect By Marcus Johansson.
16:53 of 3rd period - Stopped by Sergei Bobrovsky without a rebound.
16:54 of 3rd period - Tomas Hertl wins face-off versus Yakov Trenin in Columbus Blue Jackets zone.
17:47 of 3rd period - Shot by Dylan Cozens.
17:47 of 3rd period - Goal by Dylan Cozens - Columbus Blue Jackets : 3 - Buffalo Sabres : 5.
17:48 of 3rd period - Teddy Blueger wins face-off versus Jacob Peterson in neutral zone.
19:04 of 3rd period - Shot by Corey Perry.
19:04 of 3rd period - Shot Blocked by Casey Fitzgerald.
19:12 of 3rd period - Shot by Corey Perry.
19:12 of 3rd period - Stopped by Linus Ullmark without a rebound.
19:13 of 3rd period - Jeff Skinner wins face-off versus Derick Brassard in Buffalo Sabres zone.
19:32 of 3rd period - Shot by Jeff Skinner.
19:32 of 3rd period - Shot Blocked by Derick Brassard.
19:34 of 3rd period - Shot by Alex Tuch.
19:34 of 3rd period - Shot Blocked by Ian Cole.
19:36 of 3rd period - Shot by Alex Tuch.
19:36 of 3rd period - Stopped by Sergei Bobrovsky without a rebound.
19:37 of 3rd period - Nick Foligno wins face-off versus Dylan Gambrell in Columbus Blue Jackets zone.
19:44 of 3rd period - Shot by Nick Foligno.
19:44 of 3rd period - Shot Misses the Net.
Goals for this period are 0 for Columbus Blue Jackets vs 2 for Buffalo Sabres.
Shots for this period are 8 for Columbus Blue Jackets vs 14 for Buffalo Sabres.